 Dungeon Crawl Stone Soup version 0.29-a0-613-gf2c431b (webtiles) character file.

Game seed: 10872954461109893044

2050 Illumine the Grappler (level 9, -9/84 (85) HPs)
             Began as a Troll Cinder Acolyte on June 16, 2022.
             Was a High Priest of Ignis.
             Mangled by a two-headed ogre
             ... wielding a +0 giant spiked club
              (32 damage)
             ... on level 8 of the Dungeon.
             The game lasted 00:07:12 (5381 turns).

Illumine the Grappler (Troll Cinder Acolyte)        Turns: 5381, Time: 00:07:12

HP:   -9/84 (85)    AC:  4    Str: 28    XL:     9   Next: 4%
MP:   9/9           EV:  9    Int: 10    God:    Ignis [*****.]
Gold: 672           SH:  0    Dex:  5    Spells: 10/10 levels left

rFire   + . .      SeeInvis .     - Unarmed
rCold   . . .      Faith    .   (no shield)
rNeg    . . .      Spirit   .   b - +0 robe
rPois   .          Reflect  .   (helmet restricted)
rElec   .          Harm     .   (no cloak)
rCorr   +          Rampage  .   (gloves unavailable)
Will    +....                   (boots unavailable)
Stlth   +.........              (no amulet)
HPRegen 1.04/turn               s - ring of resist corrosion
MPRegen 0.11/turn               G - ring of willpower

@: lightly drained
A: large, unfitting armour, claws 3, regeneration 1, shaggy fur 1, tough skin 1
a: Renounce Religion, Fiery Armour, Foxfire Swarm, Rising Flame


You were on level 8 of the Dungeon.
You worshipped Ignis.
Ignis was extremely pleased with you.
You visited 1 branch of the dungeon, and saw 8 of its levels.
You also visited: Sewer and Ossuary.

You collected 672 gold pieces.

Inventory:

Hand Weapons
 a - a -1 falchion of flaming
Missiles
 t - 3 poisoned darts (quivered)
 J - 4 javelins
Armour
 b - a +0 robe (worn)
Jewellery
 s - a ring of resist corrosion (left claw)
 G - a ring of willpower (right claw)
Wands
 w - a wand of iceblast (7)
 x - a wand of flame (25)
 I - a wand of acid (11)
Scrolls
 c - a scroll of identify
 d - 2 scrolls of fog {unknown}
 e - a scroll of brand weapon {unknown}
 h - 4 scrolls of teleportation {unknown}
 j - a scroll of magic mapping
 m - a scroll of immolation {unknown}
 n - a scroll of torment {unknown}
 p - 2 scrolls of poison
 v - 2 scrolls of noise {unknown}
 y - 3 scrolls of blinking {unknown}
 A - a scroll of summoning {unknown}
 B - a scroll of enchant weapon {unknown}
 F - a scroll of enchant armour {unknown}
 H - a scroll of silence {unknown}
Potions
 f - 2 potions of resistance {unknown}
 g - a potion of attraction {unknown}
 i - a potion of flight {unknown}
 k - 3 potions of haste {unknown}
 l - 3 potions of degeneration {unknown}
 o - 3 potions of lignification
 q - 4 potions of might {unknown}
 r - 3 potions of ambrosia
 u - 9 potions of curing {unknown}
 z - 2 potions of berserk rage
 C - a potion of mutation {unknown}
 D - a potion of cancellation {unknown}
 E - a potion of brilliance {unknown}


   Skills:
 + Level 4.4 Fighting
 - Level 2.4 Long Blades
 + Level 3.9 Throwing
 + Level 3.5 Dodging
 * Level 8.9 Unarmed Combat
 - Level 1.0 Spellcasting
 - Level 2.1 Fire Magic


You had 10 spell levels left.
You didn't know any spells.
Your spell library contained the following spells:

 Spells                   Type           Power      Damage    Failure   Level
 Scorch                   Fire           8%         2d5       22%         2
 Beastly Appendage        Tmut           0%         N/A       34%         1
 Necrotize                Necr           0%         1d4       34%         1
 Wereblood                Tmut           0%         N/A       45%         2
 Spider Form              Tmut/Pois      0%         N/A       71%         3
 Vampiric Draining        Necr           0%         2d6       71%         3
 Agony                    Necr           0%         N/A       100%        5


Dungeon Overview and Level Annotations

Branches:
Dungeon (8/15)             Temple (0/1) D:7           Sewer (visited)
Ossuary (visited)
   Lair: D:8-11

Altars:
Cheibriados
Dithmenos
Makhleb
Ru
Sif Muna
Uskayaw
Wu Jian
The Shining One

Shops:
D:3 [   D:8 (

Annotations:
D:3 Grinder


Innate Abilities, Weirdness & Mutations

You are too large for most types of armour.
You have claws for hands.
Your natural rate of healing is unusually fast.
You are covered in fur. (AC +1)
You have tough skin. (AC +1)


Message History

There is a stone staircase leading down here.
There is an open door here.
Partly explored, can't reach some items.
There is an open door here.
There is a staircase to the Ecumenical Temple here.
There is a stone staircase leading down here.
You climb downwards.
There is a stone staircase leading up here.
Found Hebly's Hydra Hut.
A two-headed ogre comes into view.
It is wielding a +0 giant spiked club and a +0 giant club.
Throw: 5 darts (poison)
Press: ? - help, Q - select action, (/) - cycle Shift-Dir - straight line, f - two-headed ogre
Aim: a two-headed ogre, wielding a +0 giant spiked club and a +0 giant club (71% to hit)
You throw a poisoned dart.
The poisoned dart hits the two-headed ogre.
The two-headed ogre is poisoned.
Throw: 4 darts (poison)
Press: ? - help, Q - select action, (/) - cycle Shift-Dir - straight line, f/p - two-headed ogre
Aim: a two-headed ogre, wielding a +0 giant spiked club and a +0 giant club (lightly wounded, poisoned, 71% to hit)
You throw a poisoned dart.
The poisoned dart barely misses the two-headed ogre.
You scratch the two-headed ogre but do no damage.
The two-headed ogre is lightly wounded.
The two-headed ogre hits you with a +0 giant spiked club!!
The two-headed ogre closely misses you.
You mangle the two-headed ogre!!
The two-headed ogre is moderately wounded.
You mangle the two-headed ogre!!
The two-headed ogre is severely wounded.
The two-headed ogre looks more healthy.
The two-headed ogre hits you with a +0 giant spiked club.
The two-headed ogre hits you with a +0 giant club!
You barely miss the two-headed ogre.
The two-headed ogre is almost dead.
You claw the two-headed ogre!
The two-headed ogre is almost dead.
The two-headed ogre hits you with a +0 giant spiked club!
* * * LOW HITPOINT WARNING * * *
The two-headed ogre hits you with a +0 giant club!!
You die...

### #...(###
#.. ...!.#. .
#.# #..∩.#
.###.# #....
....# #... #.
#..# #.(
#...##..## #O#
.......<.###@#
#....#.......#
... #...#####
# #.### ...
#.##. .. .. #
..


You could see a two-headed ogre.

Vanquished Creatures
  Pargi (Sewer)
  An ice beast (D:5)
  2 sky beasts (D:7)
  A black bear (D:5)
  An ogre (D:6)
  A phantom (D:4)
  3 bullfrogs
  2 necrophages
  2 scorpions (D:5)
  3 wights (D:7)
  A howler monkey (D:5)
  2 gnoll shamans (D:6)
  A hound (D:5)
  2 iguanas (D:4)
  Natasha (thrice) (D:3)
  3 orc wizards (D:6)
  Ijyb (D:4)
  8 mummies (Ossuary)
  Robin (D:4)
  13 gnolls
  4 river rats (D:5)
  7 adders
  3 white imps
  4 worms (D:5)
  4 dart slugs
  8 orcs
  12 bats
  4 endoplasms
  A giant cockroach (D:2)
  20 goblins
  11 hobgoblins
  3 jackals (D:3)
  9 kobolds
  2 quokkas
  4 ball pythons
  A frilled lizard (D:1)
  A gnoll zombie (Ossuary)
  3 hobgoblin zombies (Ossuary)
  A kobold zombie (Ossuary)
  3 orc zombies (Ossuary)
  9 rats
166 creatures vanquished.

Notes
Turn   | Place    | Note
-------+----------+-------------------------------------------
     0 | D:1      | Illumine the Troll Cinder Acolyte began the quest for the
                  | Orb.
     0 | D:1      | Reached XP level 1. HP: 22/22 MP: 1/1
    51 | D:1      | Reached skill level 1 in Unarmed Combat
   210 | D:1      | Reached XP level 2. HP: 16/29 MP: 2/2
   291 | D:1      | Reached skill level 2 in Unarmed Combat
   959 | D:2      | Reached XP level 3. HP: 36/36 MP: 3/3
  1059 | D:2      | Reached skill level 3 in Unarmed Combat
  1264 | D:2      | Found a faded altar of an unknown god.
  1474 | D:3      | Noticed a +0 dagger
  1475 | D:3      | Found a hide-covered altar of Uskayaw.
  1475 | D:3      | Noticed a +0 dagger
  1476 | D:3      | Noticed Natasha
  1483 | D:3      | Killed Natasha
  1484 | D:3      | Reached XP level 4. HP: 25/44 MP: 4/4
  1536 | D:3      | Found Jaososh's Armour Boutique.
  1539 | D:3      | Reached skill level 4 in Unarmed Combat
  1666 | D:3      | Noticed Natasha
  1672 | D:3      | Killed Natasha
  1723 | D:3      | Noticed Natasha
  1731 | D:3      | Killed Natasha
  1732 | D:3      | Reached XP level 5. HP: 42/50 MP: 5/5
  1877 | D:3      | Found a shadowy altar of Dithmenos.
  1879 | D:3      | Noticed Grinder
  1882 | D:3      | Reached skill level 5 in Unarmed Combat
  2027 | D:4      | Noticed Robin
  2035 | D:4      | Noticed Ijyb
  2042 | D:4      | Killed Ijyb
  2056 | D:4      | Killed Robin
  2071 | D:4      | Found a shimmering blue altar of Sif Muna.
  2175 | D:4      | Reached XP level 6. HP: 56/59 MP: 6/6
  2177 | D:4      | Reached skill level 6 in Unarmed Combat
  2192 | D:4      | Found a burning altar of Makhleb.
  2194 | D:4      | Found a sacrificial altar of Ru.
  2195 | D:4      | Found a glowing golden altar of the Shining One.
  2209 | D:4      | Found an ornate altar of the Wu Jian Council.
  2659 | D:5      | Entered Level 5 of the Dungeon
  2786 | D:5      | Reached skill level 1 in Throwing
  2791 | D:5      | Reached skill level 1 in Dodging
  2802 | D:5      | Reached XP level 7. HP: 50/66 MP: 7/7
  2834 | D:5      | Found a glowing drain.
  2845 | Sewer    | Entered a sewer
  2894 | Sewer    | Noticed Pargi
  2909 | Sewer    | Killed Pargi
  3017 | D:5      | Reached skill level 7 in Unarmed Combat
  3031 | D:5      | Found a sand-covered staircase.
  3038 | Ossuary  | Entered an ossuary
  3535 | D:5      | Reached XP level 8. HP: 64/75 MP: 8/8
  3646 | D:5      | Found a snail-covered altar of Cheibriados.
  3941 | D:6      | Reached skill level 8 in Unarmed Combat
  4923 | D:7      | Found a staircase to the Ecumenical Temple.
  5012 | D:7      | Reached XP level 9. HP: 85/85 MP: 9/9
  5372 | D:8      | Found Hebly's Hydra Hut.
  5374 | D:8      | Noticed a two-headed ogre
  5381 | D:8      | Mangled by a two-headed ogre

Illustrated notes

Levels and vault maps discovered:
D:1:      erik_arrival_cave_to_civilisation [erik_arrival_cave_to_hall],
          layout_basic, lemuel_old_faithful
D:2:      layout_basic, shapermc_ecumenical_altar_hornbeckon, minmay_cupped
D:3:      layout_rooms, nicolae_dithmenos_through_a_glass_darkly,
          dancing_weapons_uskayaw, serial_shops, shop, uniq_grinder,
          uniq_natasha
D:4:      layout_loops_ring, old_standard_altar,
          nicolae_overflow_quartered_altars, uniq_ijyb, uniq_robin
D:5:      layout_basic, marbit_many_paths, gammafunk_temple_overflow_claw,
          cheibrodos_worm_habitat, enter_ossuary_5, lightli_sewer_entry_pipes
D:6:      layout_basic
D:7:      lemuel_ice_spiral_2, layout_basic, minmay_temple_entry_waves
D:8:      layout_loops_ring, old_standard_altar, doesnt_shop_hydraphobe

Skill      XL: |  1  2  3  4  5  6  7  8 |
---------------+-------------------------+-----
Unarmed Combat | 1 2 3 4 5 6 7 8 |  8.9
Throwing       | 1 2 3 |  3.9
Dodging        | 1 2 3 |  3.5
Fighting       | 3 4 |  4.4
Long Blades    | |  2.4
Spellcasting   | |  1.0
Fire Magic     | |  2.1

Action                   |  1- 3 |  4- 6 |  7- 9 || total
-------------------------+-------+-------+-------++-------
Melee: Falchion          |    68 |       |       ||    68
       Unarmed           |    53 |   177 |   243 ||   473
       Punch             |     1 |     2 |     6 ||     9
Throw: Dart              |       |       |     3 ||     3
Evoke: Wand              |       |       |     1 ||     1
  Use: Scroll            |       |     5 |       ||     5
Armor: Robe              |    46 |    71 |    83 ||   200
Dodge: Dodged            |    69 |    67 |    84 ||   220

Table legend: (Time is in decaauts)
 A = Elapsed time spent in this place.
 B = Non-inter-level travel time spent in this place.
 C = Inter-level travel time spent in this place.
 D = Time resting spent in this place.
 E = Time spent auto-exploring this place.
 F = Levels seen in this place.
 G = Mean time per level.
                   A        B        C        D        E       F      G
               +--------+--------+--------+--------+--------+-----+--------+
         Total |   5373 |   4983 |    390 |    158 |   3521 |  10 |  537.3 |
       Dungeon |   4967 |   4577 |    390 |    122 |   3338 |   8 |  620.9 |
         Sewer |    126 |    126 |      0 |      0 |     62 |   1 |  126.0 |
       Ossuary |    280 |    280 |      0 |     36 |    121 |   1 |  280.0 |
               +--------+--------+--------+--------+--------+-----+--------+

Top non-repeatable levels by time:
     D:7: 991 daAuts
     D:1: 852 daAuts
     D:2: 682 daAuts
     D:6: 678 daAuts
     D:4: 655 daAuts
     D:5: 617 daAuts
     D:3: 478 daAuts
 Ossuary: 280 daAuts
   Sewer: 126 daAuts
     D:8: 11 daAuts
